Map: Coda LE (Void)

Players

Wintersc2 (Winter) - Winner!

  • Race: Protoss Protoss

Gretorp

  • Race: Protoss Protoss

VOD

Have the link to the VOD?

Description

Time

  • Played on: April 8, 2015, 8:37 p.m.
  • Length: 6:21
Show
View Real Time Build Order
Export as new Build Order

Wintersc2 Protoss - Winner!

Build Orders: Blink Stalkers 

Get SALT Encoding   

  12  0:01  Probe  
  13  0:14  Pylon  
  13  0:21  Probe  
  14  0:33  Probe (Chrono Boost)  
  16  0:42  Probe (Chrono Boost)  
  16  0:43  Gateway  
  16  0:50  Probe  
  17  1:00  Assimilator  
  17  1:02  Probe (Chrono Boost)  
  18  1:13  Probe (Chrono Boost)  
  18  1:16  Pylon  
  19  1:19  Probe (Chrono Boost)  
  19  1:25  Assimilator  
  20  1:30  Cybernetics Core  
  20  1:32  Probe (Chrono Boost)  
  21  1:44  Probe (Chrono Boost)  
  22  1:50  Probe (Chrono Boost)  
  24  2:06  Mothership Core  
  24  2:08  Warp Gate (Chrono Boost)  
  25  2:10  Adept  
  27  2:18  Pylon  
  27  2:27  Probe  
  28  2:32  Nexus  
  28  2:42  Stargate  
  28  2:46  Probe  
  29  2:58  Probe  
  30  3:00  Twilight Council  
  30  3:03  Gateway  
  30  3:22  Pylon  
  30  3:23  Probe  
  31  3:27  Gateway  
  30  3:36  Gateway  
  30  3:40  Blink (Chrono Boost)  
  30  3:44  Probe  
  31  4:01  Gateway  
  31  4:02  Zealot x2  
  33  4:14  Pylon  
  33  4:21  Pylon  
  33  4:22  Zealot  
  33  4:23  Zealot  
  37  4:39  Stalker x2  
  37  4:43  Stalker x2  
  45  4:55  Pylon  
  45  4:57  Stalker  
  47  5:06  Stalker x2  
  43  5:14  Stalker  
  45  5:22  Stalker  
  39  5:40  Stalker x2  
  39  5:41  Zealot  
  43  5:54  Stalker x2  
  41  6:05  Stalker  
  41  6:07  Sentry  
Show
View Real Time Build Order
Export as new Build Order

Gretorp Protoss 

Build Orders: Phoenix Opening, Phoenix Opening 

Get SALT Encoding   

  12  0:01  Probe  
  13  0:13  Pylon  
  13  0:17  Probe  
  14  0:31  Probe (Chrono Boost)  
  15  0:36  Gateway  
  15  0:42  Probe (Chrono Boost)  
  16  0:44  Assimilator  
  16  0:48  Probe  
  17  0:55  Assimilator  
  17  1:00  Probe (Chrono Boost)  
  19  1:11  Pylon  
  19  1:12  Probe (Chrono Boost)  
  19  1:18  Probe (Chrono Boost)  
  19  1:23  Cybernetics Core  
  20  1:30  Probe (Chrono Boost)  
  21  1:40  Pylon  
  21  1:42  Probe (Chrono Boost)  
  22  1:49  Probe (Chrono Boost)  
  23  1:59  Adept  
  25  2:04  Stargate  
  25  2:09  Warp Gate  
  25  2:27  Nexus  
  25  2:39  Gateway  
  25  2:47  Phoenix  
  27  2:55  Stalker  
  29  3:17  Probe  
  30  3:25  Phoenix (Chrono Boost)  
  32  3:29  Probe  
  33  3:40  Probe  
  34  3:41  Probe  
  34  3:43  Phoenix (Chrono Boost)  
  37  3:51  Pylon  
  37  3:52  Probe  
  37  3:53  Probe, Assimilator  
  39  3:57  Robotics Facility  
  39  4:04  Probe (Chrono Boost)  
  39  4:06  Probe (Chrono Boost)  
  41  4:10  Phoenix (Chrono Boost)  
  43  4:18  Probe x2 (Chrono Boost)  
  45  4:34  Void Ray (Chrono Boost)  
  49  4:41  Stalker x2  
  57  4:56  Pylon  
  48  5:08  Immortal (Chrono Boost)  
  48  5:17  Pylon  
  48  5:18  Pylon  
  48  5:19  Probe x2  
  47  5:38  Probe x2  
  47  5:53  Stalker  
  39  6:07  Pylon  
Tags
 
Add a new tag
Caveats
  • Supply blocks, unpowered buildings, or Contaminate may cause inaccurate times.
  • Supply counts are checked every 10 seconds.